 Dungeon Crawl Stone Soup version 0.29.0-4-gdea44cf6ec (webtiles) character file.

Game seed: 9932317389600687473

223 qw the Chopper (level 6, 0/35 HPs)
             Began as a Tengu Warper on Aug 28, 2022.
             Was an Initiate of Okawaru.
             Slain by Duvessa
             ... wielding a +0 short sword
              (6 damage)
             ... on level 4 of the Dungeon.
             The game lasted 00:00:18 (3392 turns).

qw the Chopper (Tengu Warper)                       Turns: 3392, Time: 00:00:18

Health: 0/35       AC:  8    Str: 24    XL:     6   Next: 0%
Magic:  10/10      EV: 14    Int: 12    God:    Okawaru [......]
Gold:   145        SH:  0    Dex: 12    Spells: 9/9 levels left

rFire   . . .      SeeInvis .   h - +0 hand axe
rCold   . . .      Faith    .   (no shield)
rNeg    . . .      Spirit   .   f - +0 chain mail
rPois   .          Reflect  .   (helmet restricted)
rElec   +          Harm     .   (no cloak)
rCorr   +          Rampage  .   (no gloves)
Will    .....                   (boots unavailable)
Stlth   ..........              (no amulet)
HPRegen 0.11/turn               d - ring "Kecluyq" {rElec rCorr Str+6}
MPRegen 0.12/turn               i - +4 ring of evasion

@: flying quickly and evasively, quick
A: beak, talons 3, nimble flight, strong 1, MP-powered wands
a: Renounce Religion


You were on level 4 of the Dungeon.
You worshipped Okawaru.
Okawaru was noncommittal.
You visited 2 branches of the dungeon, and saw 5 of its levels.

You collected 145 gold pieces.


Innate Abilities, Weirdness & Mutations

You have a beak for a mouth.
You have claws for feet.
Your magical nature lets you fly swiftly and evasively.
Your muscles are strong. (Str +4, Int/Dex -1)
You expend magic power (3 MP) to strengthen your wands.


   Skills:
 - Level 2.0 Fighting
 - Level 6.4 Axes
 - Level 1.0 Throwing
 + Level 1.7 Armour
 - Level 2.1 Dodging
 - Level 2.0 Spellcasting
 - Level 2.4 Translocations


You had 9 spell levels left.
You didn't know any spells.
Your spell library contained the following spells:

 Spells                   Type           Power      Damage    Failure   Level
 Blink                    Tloc           12%        N/A       77%         2
 Gell's Gravitas          Tloc           6%         N/A       94%         3
 Lesser Beckoning         Tloc           6%         N/A       94%         3
 Teleport Other           Tloc           6%         N/A       94%         3
 Manifold Assault         Tloc           6%         N/A       100%        5

Inventory:

Hand Weapons
 b - a +2 flail of protection
 h - a +0 hand axe (weapon)
Missiles
 k - a boomerang (quivered)
Armour
 f - a +0 chain mail (worn)
 m - a +0 cloak
Jewellery
 d - the ring "Kecluyq" (left hand) {rElec rCorr Str+6}
   (You took it off a goblin on level 3 of the Dungeon)

   [ring of strength]

   Str:       It affects your strength (+6).
   rElec:     It insulates you from electricity.
   rCorr:     It protects you from acid and corrosion.
 i - a +4 ring of evasion (right hand)
 Y - a +4 ring of protection
Scrolls
 g - a scroll of identify
Potions
 a - a potion of resistance {unknown}
 c - a potion of might
 e - a potion of cancellation {unknown}
 j - a potion of flight {unknown}
 l - a potion of mutation

Dungeon Overview and Level Annotations

Branches:
Dungeon (4/15)             Temple (1/1) D:4

Altars:
Dithmenos
Elyvilon
Gozag
Hepliaklqana
Kikubaaqudgha
Makhleb
Nemelex Xobeh
Okawaru
Ru
Trog
Uskayaw
Vehumet
Wu Jian
Zin

Annotations:
D:4 Dowan, Duvessa


Message History

You peck the dart slug, but do no damage.
The dart slug is severely wounded.
You barely miss Duvessa. You hit the dart slug. You claw the dart slug.
You kill the dart slug!
Okawaru accepts your kill.
You hit Duvessa but do no damage. Duvessa hits you with a +0 short sword.
You have reached level 6!
You barely miss Duvessa. You claw Duvessa, but do no damage.
You peck Duvessa, but do no damage.
Duvessa is lightly wounded.
Duvessa hits you but does no damage.
Dowan points at you and mumbles some strange words.
The puff of flame misses you.
You hit Duvessa.
Duvessa is lightly wounded.
Duvessa hits you with a +0 short sword.
You hit Duvessa. You claw Duvessa, but do no damage.
Duvessa is lightly wounded.
Duvessa closely misses you.
You hit Duvessa. You claw Duvessa. You peck Duvessa, but do no damage.
Duvessa is moderately wounded.
You closely miss Dowan. Duvessa hits you with a +0 short sword!
Dowan closely misses you.
You hit Duvessa but do no damage. You claw Duvessa, but do no damage.
Your peck misses Duvessa.
Duvessa is moderately wounded.
You hit Dowan.
Duvessa says, "When magic and the sword combine, nothing stands against them."
Duvessa hits you with a +0 short sword. Dowan misses you.
You hit Duvessa but do no damage. Your peck misses Duvessa.
Duvessa is moderately wounded.
You barely miss Dowan. Duvessa hits you but does no damage.
Dowan barely misses you.
You hit Duvessa. You claw Duvessa, but do no damage.
Duvessa is moderately wounded.
You closely miss Dowan. Duvessa hits you with a +0 short sword.
You die...

..... #.. ....) ... #....
.. ##..# w. . .##.# .# ..
# #.#### .###...
###....## ####%$.....
.#..)...## ##.@e.......
.........#####...e.......
...........##..........##
.......###..........%.##
..#........##.........#
.####......#..#.......#
## #.........#####.....#
.. ###....... ###..# ..#
#.#..... ###


You could see Duvessa and Dowan.

Vanquished Creatures
  A phantom (D:3)
  4 gnolls (D:3)
  4 adders
  2 dart slugs
  10 orcs
  9 bats
  3 endoplasms
  6 giant cockroaches
  2 goblins
  3 hobgoblins (D:2)
  4 kobolds
  4 quokkas
  3 ball pythons
  A frilled lizard (D:3)
  5 rats
61 creatures vanquished.

Notes
Turn   | Place    | Note
-------+----------+-------------------------------------------
     0 | D:1      | qw the Tengu Warper began the quest for the Orb.
     0 | D:1      | Reached XP level 1. HP: 12/12 MP: 4/4
     0 | D:1      | 0 ||| qw: Version: 0.1-a-89-g26bdef1
     0 | D:1      | 0 ||| qw: Game counter: 3131
     0 | D:1      | 0 ||| qw: Always use a shield: true
     0 | D:1      | 0 ||| qw: God list: Okawaru
     0 | D:1      | 0 ||| qw: Allow faded altars: false
     0 | D:1      | 0 ||| qw: Do Orc after D:15 true
     0 | D:1      | 0 ||| qw: Do second Lair branch before Depths: true
     0 | D:1      | 0 ||| qw: Lair rune preference: random
     0 | D:1      | 0 ||| qw: Plans: Normal
     0 | D:1      | 0 ||| PLANNING D:1-11
   190 | D:1      | Reached skill level 3 in Axes
   190 | D:1      | Reached XP level 2. HP: 15/17 MP: 6/6
   889 | D:1      | 889 ||| UPGRADING to +4 ring of protection.
   890 | D:1      | 890 ||| UPGRADING to +4 ring of evasion.
   891 | D:1      | 891 ||| READING scroll labelled QUOGIATECS.
   892 | D:1      | 892 ||| READING scroll labelled BOFINW PONUDUYSA.
   893 | D:1      | 893 ||| DROPPING scroll of blinking.
   971 | D:2      | 971 ||| Stepping ~*~*~tactically~*~*~ (stealth).
  1020 | D:2      | Reached XP level 3. HP: 19/21 MP: 7/7
  1118 | D:2      | Reached skill level 4 in Axes
  1332 | D:2      | Found a hazy altar of Hepliaklqana.
  1376 | D:2      | Reached XP level 4. HP: 26/26 MP: 8/8
  1572 | D:2      | 1572 ||| UPGRADING to +0 chain mail.
  1582 | D:2      | 1582 ||| DROPPING +0 leather armour.
  1583 | D:2      | 1583 ||| READING scroll labelled GAIRIUNKYE.
  1584 | D:2      | 1584 ||| READING scroll labelled WUEPIKLIMEBE.
  1585 | D:2      | 1585 ||| READING scroll labelled IQONUI DUMITIC.
  1586 | D:2      | 1586 ||| Stepping randomly (stuck).
  1587 | D:2      | 1587 ||| Stepping ~*~*~tactically~*~*~ (cloud).
  1858 | D:3      | 1858 ||| Stepping ~*~*~tactically~*~*~ (stealth).
  2001 | D:3      | 2001 ||| DROPPING +0 flail.
  2002 | D:3      | 2002 ||| DROPPING +0 mace.
  2107 | D:3      | Reached skill level 5 in Axes
  2109 | D:3      | 2109 ||| Stepping ~*~*~tactically~*~*~ (stealth).
  2113 | D:3      | 2113 ||| Stepping ~*~*~tactically~*~*~ (stealth).
  2116 | D:3      | 2116 ||| Stepping ~*~*~tactically~*~*~ (hiding).
  2285 | D:3      | Gained mutation: Your magical nature lets you fly swiftly
                  | and evasively. [Tengu growth]
  2285 | D:3      | Reached XP level 5. HP: 30/30 MP: 9/9
  2430 | D:3      | Found a faded altar of an unknown god.
  2478 | D:3      | 2478 ||| Stepping ~*~*~tactically~*~*~ (hiding).
  2546 | D:3      | 2546 ||| Stepping ~*~*~tactically~*~*~ (stealth).
  2548 | D:3      | 2548 ||| Stepping ~*~*~tactically~*~*~ (stealth).
  2600 | D:3      | Identified the ring "Kecluyq" {rElec rCorr Str+6}
  2601 | D:3      | 2601 ||| DRINKING 2 grey potions.
  2601 | D:3      | Gained mutation: Your muscles are strong. (Str +4, Int/Dex
                  | -1) [potion of mutation]
  2601 | D:3      | Gained mutation: You expend magic power (3 MP) to
                  | strengthen your wands. [potion of mutation]
  2602 | D:3      | 2602 ||| Stepping randomly (stuck).
  2830 | D:3      | 2830 ||| UPGRADING to ring "Kecluyq" {rElec rCorr Str+6}.
  2832 | D:3      | 2832 ||| DRINKING 2 sedimented yellow potions.
  2858 | D:4      | Noticed a phantom
  2859 | D:4      | 2859 ||| STAIRDANCE
  2864 | D:3      | Killed a phantom
  2865 | D:3      | Reached skill level 6 in Axes
  2926 | D:4      | Found a staircase to the Ecumenical Temple.
  2927 | D:4      | 2927 ||| PLANNING TEMPLE
  2932 | Temple   | Entered the Ecumenical Temple
  2942 | Temple   | Became a worshipper of Warmaster Okawaru
  3310 | Temple   | 3310 ||| PLANNING D:1-11
  3367 | D:4      | Noticed Duvessa
  3368 | D:4      | Noticed Dowan
  3375 | D:4      | 3375 ||| Stepping ~*~*~tactically~*~*~ (hiding).
  3386 | D:4      | Reached XP level 6. HP: 20/35 MP: 10/10
  3390 | D:4      | HP: 6/35 [Duvessa/+0 short sword (6)]
  3392 | D:4      | Slain by Duvessa

Levels and vault maps discovered:
D:1:      dreamdust_arrival_beginning_and_end, layout_basic
D:2:      layout_basic, basic_altar
D:3:      layout_basic, shapermc_ecumenical_altar_totnotflames,
          skrybe_limestone_x
D:4:      layout_cave_pools, lemuel_round_altar, minmay_temple_entry_wispy,
          minmay_crystal_water, uniq_sigmund, uniq_blork_the_orc, uniq_duvessa
Temple:   eino_temple_water

Skill      XL: |  1  2  3  4  5 |
---------------+----------------+-----
Axes           | 3 4 5 6 |  6.4
Fighting       | |  2.0
Throwing       | |  1.0
Armour         | |  1.7
Dodging        | |  2.1
Spellcasting   | |  2.0
Translocations | |  2.4

Action                   |  1- 3 |  4- 6 || total
-------------------------+-------+-------++-------
Melee: Hand axe          |    56 |    90 ||   146
       Kick              |    12 |    35 ||    47
       Peck              |     3 |    17 ||    20
Throw: Boomerang         |    32 |    22 ||    54
  Use: Scroll            |     2 |     3 ||     5
       Potion            |       |     2 ||     2
Armor: Leather armour    |    21 |       ||    21
       Chain mail        |       |    21 ||    21
Dodge: Dodged            |    35 |    56 ||    91

Table legend:
 A = Non-vault XP
 B = Vault XP
 C = Vault XP percentage of total XP
 D = Non-vault monster count
 E = Vault monster count
 F = Vault count percentage of total count
                 A         B        C        D         E       F
            +---------+---------+-------+---------+---------+-------
      Total |     319 |       0 |   0.0 |      61 |       0 |   0.0
            +---------+---------+-------+---------+---------+-------
        D:1 |      21 |       0 |   0.0 |      14 |       0 |   0.0
        D:2 |      63 |       0 |   0.0 |      17 |       0 |   0.0
        D:3 |     207 |       0 |   0.0 |      23 |       0 |   0.0
        D:4 |      28 |       0 |   0.0 |       7 |       0 |   0.0
            +---------+---------+-------+---------+---------+-------
